 Dungeon Crawl Stone Soup version 0.31-a0-195-g7586a6f1e9 (webtiles) character file.

Game seed: 14504201270444160363

63 qw the Shooter (level 3, 0/20 HPs)
             Began as a Deep Elf Hunter on June 24, 2023.
             Succumbed to their own poison gas
             ... on level 2 of the Dungeon.
             The game lasted 00:00:39 (1582 turns).

qw the Shooter (Deep Elf Hunter)                    Turns: 1582, Time: 00:00:40

Health: 0/20       AC:  6    Str: 10    XL:     3   Next: 89%
Magic:  5/5        EV:  9    Int: 13    God:
Gold:   146        SH:  0    Dex: 18    Spells: 2/2 levels left

rFire   . . .        Y - +0 shortbow
rCold   . . .        (shield currently unavailable)
rNeg    + . .        a - +0 scale mail
rPois   .            (no helmet)
rElec   .            (no cloak)
rCorr   .            (no gloves)
SInv    .            (no boots)
Will    .....        (no amulet)
Stlth   +            d - ring of positive energy
HPRegen 0.23/turn    (no ring)
MPRegen 0.09/turn

%: no passive effects
@: lethally poisoned (0 -> -2)
A: no striking features
a: no special abilities


You were on level 2 of the Dungeon.
You visited 1 branch of the dungeon, and saw 2 of its levels.

You collected 146 gold pieces.


   Skills:
 - Level 1.5 Fighting
 + Level 7.3 Ranged Weapons
 - Level 2.4 Dodging
 - Level 1.2 Stealth


You had 2 spell levels left.
You didn't know any spells.
Your spell library was empty.

Inventory:

Hand Weapons
 Y - a +0 shortbow (weapon)
Armour
 a - a +0 scale mail (worn)
Jewellery
 d - a ring of positive energy (left hand)
Scrolls
 g - a scroll of identify
Potions
 b - a potion of ambrosia {unknown}

Dungeon Overview and Level Annotations

Branches:
Dungeon (2/15)

Altars:

Shops:
D:1 =   D:2 :


Message History

Done exploring.
(D) Dungeon
Where to? (* - list waypoints, Enter - D:2, ? - help)
What level of the Dungeon? (default 1, ? - help) Sorry, I don't know how to get there.
Enter note:
Enter note:
Enter note:
Enter note:
Enter note:
Enter note:
Enter note:
Enter note:
Enter note:
Enter note:
Enter note:
Enter note:
Enter note:
Enter note:
Enter note: Really walk into that cloud of poison gas?
You are engulfed in poison gas.
You are poisoned.
You feel very sick.
1575 ||| Stepping ~*~*~tactically~*~*~ (cloud).
You feel very sick.
You see here a +0 leather armour.
There is a lethal amount of poison in your body!
You feel sick.
There is a lethal amount of poison in your body!
You feel sick.
There is a lethal amount of poison in your body!
You feel sick.
There is a lethal amount of poison in your body!
You feel sick.
There is a lethal amount of poison in your body!
You feel sick.
There is a lethal amount of poison in your body!
You feel sick.
There is a lethal amount of poison in your body!
You die...

### ############ #.#
#¤0¤¤00¤0¤0# ..#######
#0¤00¤0¤0¤¤#
........#####0¤0¤0.¤¤00#
.######.....00¤0¤¤0¤¤¤.#
.# #######¤0¤.¤000.0# .#
########0¤00¤0¤¤¤¤# .#
#......#¤.0@¤000¤¤# .#
#......#0¤¤0¤0¤¤¤¤# .#
#......##¤######### .#
#......##.## .#
##......0..#
.#####......¤¤..#
...........00...#
..#####...¤¤....# ###
###.........#


There were no monsters in sight!

Vanquished Creatures
  A worm (D:2)
  A dart slug (D:2)
  3 bats (D:1)
  4 endoplasms
  2 giant cockroaches
  4 goblins
  7 hobgoblins
  2 quokkas
  9 ball pythons
  8 frilled lizards
  8 kobolds
  7 rats
56 creatures vanquished.

Notes
Turn   | Place    | Note
-------+----------+-------------------------------------------
     0 | D:1      | qw the Deep Elf Hunter began the quest for the Orb.
     0 | D:1      | Reached XP level 1. HP: 12/12 MP: 3/3
     0 | D:1      | 0 ||| qw: Version: 0.3-a-9-g12657ce
     0 | D:1      | 0 ||| qw: Game counter: 4737
     0 | D:1      | 0 ||| qw: Always use a shield: true
     0 | D:1      | 0 ||| qw: God list: Okawaru
     0 | D:1      | 0 ||| qw: Allow faded altars: false
     0 | D:1      | 0 ||| qw: Do Orc after D:15 true
     0 | D:1      | 0 ||| qw: Do second Lair branch before Depths: true
     0 | D:1      | 0 ||| qw: Lair rune preference: random
     0 | D:1      | 0 ||| qw: Plans: Normal
     0 | D:1      | 0 ||| PLANNING D:1-11
   131 | D:1      | Reached skill level 6 in Ranged Weapons
   131 | D:1      | Reached XP level 2. HP: 16/16 MP: 4/4
   387 | D:1      | Reached XP level 3. HP: 18/20 MP: 5/5
   480 | D:1      | Found Zeorryce's Jewellery Boutique.
   484 | D:1      | 484 ||| SHOPLISTING amulet of faith (560 gold, have 74).
   484 | D:1      | 484 ||| SHOPLISTING brooch of Shielding {Spirit SH+8} (910
                  | gold, have 74).
   484 | D:1      | 484 ||| SHOPLISTING ring of Division {Fly rPois rC+ rCorr
                  | Str+8 Slay-6} (446 gold, have 74).
   484 | D:1      | 484 ||| SHOPLISTING ring of poison resistance (280 gold,
                  | have 74).
   484 | D:1      | 484 ||| SHOPLISTING ring of positive energy (280 gold, have
                  | 74).
   484 | D:1      | 484 ||| SHOPLISTING ring of protection from cold (350 gold,
                  | have 74).
   484 | D:1      | 484 ||| SHOPLISTING ring of resist corrosion (280 gold,
                  | have 74).
   484 | D:1      | 484 ||| SHOPLISTING ring of see invisible (210 gold, have
                  | 74).
   703 | D:1      | 703 ||| READING scroll labelled BAENLUVV TOISU.
   804 | D:1      | 804 ||| READING scroll labelled JIBYF QESA.
   805 | D:1      | 805 ||| READING scroll labelled TOLI DUHYNNUFI.
   843 | D:1      | 843 ||| READING 3 scrolls labelled VETHUOTHREU.
   844 | D:1      | 844 ||| READING 2 scrolls of identify.
   844 | D:1      | 844 ||| IDENTIFYING blue potion
   845 | D:1      | 845 ||| DROPPING scroll of butterflies.
   846 | D:1      | 846 ||| DROPPING potion of degeneration.
   866 | D:2      | Found Hats's Book Shoppe.
  1069 | D:2      | Reached skill level 7 in Ranged Weapons
  1559 | D:2      | 1559 ||| UPGRADING to +0 scale mail.
  1569 | D:2      | 1569 ||| DROPPING +0 leather armour.
  1570 | D:2      | 1570 ||| UPGRADING to ring of positive energy.
  1571 | D:2      | 1571 ||| READING scroll labelled ISIDDEPSUEL.
  1572 | D:2      | 1572 ||| READING scroll labelled IZOSTRA XUGUDU.
  1573 | D:2      | 1573 ||| READING scroll labelled ILOPYET LAGEH.
  1575 | D:2      | 1575 ||| Stepping ~*~*~tactically~*~*~ (cloud).
  1577 | D:2      | HP: 5/20 [poisoned by you (poison gas)]
  1579 | D:2      | HP: 2/20 [poisoned by you (poison gas)]
  1582 | D:2      | Succumbed to their own poison gas

Levels and vault maps discovered:
D:1:      wander_arrival_fairy_ring, layout_basic, serial_shops, shop,
          minmay_misc_feat_alley, st_stairs_12
D:2:      minmay_thinvault, layout_rooms, serial_shops, shop

Skill      XL: |  1  2  3 |
---------------+----------+-----
Ranged Weapons | 6 7 |  7.3
Fighting       | |  1.5
Dodging        | |  2.4
Stealth        | |  1.2

Action                     || total
---------------------------++-------
   Fire: Shortbow          ||   137
    Use: Scroll            ||     8
 Armour: Leather armour    ||    12
  Dodge: Dodged            ||    32

Table legend:
 A = Non-vault XP
 B = Vault XP
 C = Vault XP percentage of total XP
 D = Non-vault monster count
 E = Vault monster count
 F = Vault count percentage of total count
                 A         B        C        D         E       F
            +---------+---------+-------+---------+---------+-------
      Total |      65 |      26 |  28.6 |      38 |      18 |  32.1
            +---------+---------+-------+---------+---------+-------
        D:1 |      43 |       1 |   2.3 |      27 |       1 |   3.6
        D:2 |      22 |      25 |  53.2 |      11 |      17 |  60.7
            +---------+---------+-------+---------+---------+-------
